 Dungeon Crawl Stone Soup version 0.29-a0-925-g0a7a3d12f8 (webtiles) character file.

Game seed: 3232628089192010894

68973 testman the Markself (level 14, -12/94 HPs)
             Began as a Deep Elf Hunter on July 28, 2022.
             Was the Champion of Dithmenos.
             Killed from afar by a frost giant (45 damage)
             ... with a bolt of cold
             ... in an ice cave.
             The game lasted 01:03:29 (18540 turns).

testman the Markself (Deep Elf Hunter)             Turns: 18540, Time: 01:03:30

Health: -12/94     AC: 18    Str: 15    XL:     14   Next: 88%
Magic:  21/22      EV: 47    Int: 22    God:    Dithmenos [******]
Gold:   1607       SH:  0    Dex: 30    Spells: 21/22 levels left

rFire   + + .      SeeInvis .   y - +2 arbalest of the Shallot {elec, rElec}
rCold   . . .      Faith    .   (shield currently unavailable)
rNeg    . . .      Spirit   .   n - +4 robe of Augmentation {Str+4 Int+4 Dex+4}
rPois   .          Reflect  .   H - +2 helmet {Int+3}
rElec   +          Harm     .   (no cloak)
rCorr   +          Rampage  .   r - +2 pair of gloves
Will    +....                   l - +1 pair of boots
Stlth   +++++.....              T - amulet "Qoiboph" {Acrobat rF++ rCorr Str+4}
HPRegen 0.25/turn               P - +4 ring of protection
MPRegen 0.18/turn               Q - ring of resist corrosion

@: acrobatic, wreathed by umbra, studying Long Blades
A: agile 1
a: Renounce Religion, Shadow Step, Shadow Form


You were in an ice cave.
You worshipped Dithmenos.
Dithmenos was exalted by your worship.
You visited 3 branches of the dungeon, and saw 21 of its levels.
You visited the Abyss 1 time.
You also visited: Ice Cave.

You collected 1607 gold pieces.

Inventory:

Hand Weapons
 a - a +0 shortbow
 y - the +2 arbalest of the Shallot (weapon) {elec, rElec}
   (You found it on level 6 of the Dungeon)

   Any ammunition fired from it occasionally discharges a powerful burst of
   electricity upon striking a foe.
   rElec:     It insulates you from electricity.
 U - the +8 scimitar of Welfare {drain, rPois Will- MP+9 Stlth+}
   (You found it on level 3 of the Abyss)

   A truly terrible weapon, it drains the life of any living foe it strikes.
   rPois:     It protects you from poison.
   MP:        It affects your magic capacity (+9).
   Will:      It decreases your willpower.
   Stlth:     It makes you more stealthy.
Armour
 l - a +1 pair of boots (worn)
 n - the +4 robe of Augmentation (worn) {Str+4 Int+4 Dex+4}
   (You found it on level 3 of the Dungeon)

   Str:       It affects your strength (+4).
   Int:       It affects your intelligence (+4).
   Dex:       It affects your dexterity (+4).
 r - a +2 pair of gloves (worn)
 H - a +2 helmet of intelligence (worn)
Jewellery
 x - an amulet of guardian spirit
 O - a ring of magical power
 P - a +4 ring of protection (left hand)
 Q - a ring of resist corrosion (right hand)
 S - a ring of ice
 T - the amulet "Qoiboph" (around neck) {Acrobat rF++ rCorr Str+4}
   (You found it on level 14 of the Dungeon)

   [amulet of the acrobat]

   It increases your evasion while moving and waiting.
   Str:       It affects your strength (+4).
   rF:        It greatly protects you from fire.
   rCorr:     It protects you from acid and corrosion.
 X - a ring of ice
 Z - a ring of magical power
Wands
 e - a wand of polymorph (7)
 i - a wand of roots (12)
 C - a wand of mindburst (7)
 G - a wand of paralysis (18)
 K - a wand of digging (7)
 M - a wand of quicksilver (9)
Scrolls
 b - 7 scrolls of immolation
 d - 8 scrolls of teleportation
 f - 3 scrolls of butterflies
 h - a scroll of noise {unknown}
 j - 5 scrolls of fear
 k - a scroll of brand weapon {unknown}
 u - 2 scrolls of enchant weapon {unknown}
 v - 6 scrolls of magic mapping
 w - 5 scrolls of blinking
 B - 5 scrolls of amnesia
 D - a scroll of summoning {unknown}
 E - a scroll of silence {unknown}
 F - 2 scrolls of torment
 L - 3 scrolls of poison
 N - 3 scrolls of vulnerability
 V - a scroll of acquirement {unknown}
Potions
 c - 11 potions of curing
 g - 2 potions of lignification
 m - 2 potions of cancellation
 o - 6 potions of brilliance
 p - 3 potions of mutation
 q - a potion of haste
 s - 2 potions of ambrosia
 t - 2 potions of heal wounds
 z - 3 potions of flight {unknown}
 A - 2 potions of resistance {unknown}
 I - a potion of invisibility {unknown}
 R - 4 potions of might
 W - 2 potions of berserk rage
 Y - a potion of degeneration {unknown}
Miscellaneous
 J - a box of beasts


   Skills:
 + Level 13.0 Fighting
 + Level 19.8 Ranged Weapons
 + Level 17.6 Dodging
 - Level 1.2 Stealth
 + Level 4.6 Spellcasting
 + Level 4.0 Summonings
 + Level 3.8 Invocations


You had 21 spell levels left.
You knew the following spells:

 Your Spells              Type           Power      Damage    Failure   Level
a - Summon Small Mammal   Summ           88%        N/A       1%          1

Your spell library contained the following spells:

 Spells                   Type           Power      Damage    Failure   Level
 Sandblast                Erth           10%        2d5       11%         1
 Slow                     Hex            20%        N/A       11%         1
 Confusing Touch          Hex            5%         N/A       32%         3
 Conjure Flame            Conj/Fire      5%         6-21      32%         3
 Gell's Gravitas          Tloc           5%         N/A       32%         3
 Ignite Poison            Fire/Tmut/Pois 5%         N/A       32%         3
 Lesser Beckoning         Tloc           5%         N/A       32%         3
 Teleport Other           Tloc           5%         N/A       32%         3
 Vampiric Draining        Necr           5%         2d6       32%         3
 Summon Lightning Spire   Summ/Air       13%        N/A       41%         4
 Airstrike                Air            2%         0-2+      71%         4
 Anguish                  Hex/Necr       2%         N/A       71%         4
 Animate Dead             Necr           5%         N/A       71%         4
 Cause Fear               Hex            2%         N/A       71%         4
 Sticky Flame             Conj/Fire      5%         2d3       71%         4
 Summon Forest            Summ/Tloc      6%         N/A       77%         5
 Summon Mana Viper        Hex/Summ       13%        N/A       77%         5
 Lightning Bolt           Conj/Air       2%         1d14      96%         5
 Summon Cactus Giant      Summ           11%        N/A       97%         6
 Dragon Form              Tmut           2%         N/A       100%        7
 Enfeeble                 Hex            2%         N/A       100%        7
 Haunt                    Necr/Summ      6%         N/A       100%        7
 Malign Gateway           Summ/Tloc      6%         N/A       100%        7
 Monstrous Menagerie      Summ           11%        N/A       100%        7
 Infestation              Necr           2%         N/A       100%        8
 Dragon's Call            Summ           11%        N/A       100%        9


Dungeon Overview and Level Annotations

Branches:
Dungeon (15/15)            Temple (1/1) D:6            Lair (5/5) D:11
 Shoals (0/4) Lair:2       Spider (0/4) Lair:2        Slime (0/5) Lair:4
    Orc (0/2) D:10         Vaults (0/5) D:14          IceCv (1/1)
 Depths: D:15

Altars:
Ashenzari
Cheibriados
Dithmenos
Elyvilon
Fedhas
Gozag
Hepliaklqana
Kikubaaqudgha
Makhleb
Nemelex Xobeh
Okawaru
Qazlal
Ru
Sif Muna
Trog
Uskayaw
Vehumet
Wu Jian
Xom
Yredelemnul
Zin
The Shining One
Jiyva
Lugonu

Shops:
D:3 (   D:4 [   D:9 *

Portals:
Abyss: D:8

Annotations:
D:10 3 transporters
D:15 Nessos


Innate Abilities, Weirdness & Mutations

You are agile. (Dex +4, Str/Int -1)


Message History

Press: ? - help, Shift-Dir - straight line, f - frost giant
Aim: a frost giant, wielding a +1 battleaxe of freezing (lightly wounded, umbra)
The roots erupt in riotous growth!
Roots grab the frost giant.
Roots grab the death yak.
The grasping roots constrict the frost giant.
The grasping roots constrict the death yak.
You hear a howl!
You hear an angry growl.
The frost giant struggles to escape constriction.
The death yak struggles to escape constriction.
You shoot a bolt. The bolt hits the frost giant!
Lightning courses through the frost giant!
The frost giant is moderately wounded.
The grasping roots constrict the frost giant, but do no damage.
The grasping roots constrict the death yak!
The roots release their grip on the frost giant.
The death yak struggles to escape constriction.
The grasping roots constrict the death yak.
The roots release their grip on the death yak.
You shoot a bolt. The bolt hits the frost giant.
The frost giant is moderately wounded.
Your shadow shoots a bolt.
The bolt barely misses the frost giant.
You see here a rime drake corpse.
You shoot a bolt. The bolt barely misses the frost giant.
The bolt completely misses the death yak.
The frost giant casts a spell at you. The bolt of cold hits you!!
* * * LOW HITPOINT WARNING * * *
You feel much better. The frost giant casts a spell at you.
The bolt of cold misses you.
Casting: Summon Small Mammal (safe; 1% risk of failure)
Confirm with . or Enter, or press ? or * to list all spells.
The frost giant hits you but does no damage.
The frost giant hits your bat with a +1 battleaxe of freezing!
The frost giant freezes your bat.
Your bat dies!
Your bat's corpse disappears in a puff of smoke!
The frost giant casts a spell at you. The bolt of cold hits you!!!
You die...

######## ## ##.†YY..####
####§
####.@.C#.....####§§Y§
####....#######....#..Y##
###....#### ###....###
###....### ######
###....### #.††.###
#..### ##..####
##....####


You could see a frost giant and 2 death yaks.

Vanquished Creatures
  Louise (D:15)
  Fannar (Lair:2)
  An ice dragon (Lair:5)
  5 hydras
  2 vault guards (D:14)
  7 boulder beetles
  3 catoblepae
  7 two-headed ogres
  2 death yaks (IceCv)
  3 centaur warriors
  The ghost of BeAPotato the Impaler, a novice MfIE of Ashenzari (D:8)
  Sonja (Lair:2)
  Urug (D:10)
  Lodul (D:9)
  A deep troll (Lair:4)
  A steelbarb worm (shapeshifter) (D:13)
  An orc knight (D:13)
  2 deep elf pyromancers (D:12)
  2 ugly things
  An oklob plant (D:11)
  2 manticores (D:14)
  2 cyclopes
  9 elephants
  6 black mambas
  An ice statue (IceCv)
  11 cane toads
  A smoke demon (Abyss:3)
  An unseen horror (D:11)
  3 gargoyles
  7 komodo dragons
  11 rime drakes
  4 kobold demonologists
  An efreet (Abyss:3)
  3 trolls
  8 polar bears
  2 hornets
  4 meliai
  2 slime creatures (D:13)
  6 dream sheep (Lair:3)
  4 blink frogs (Lair:5)
  A shadow (D:11)
  4 wyverns
  3 hogs (D:8)
  52 yaks
  A wraith (D:12)
  4 vampires
  4 basilisks
  10 humans
  A yak (shapeshifter) (D:14)
  2 steam dragons (D:8)
  A warg (D:13)
  4 vampire mosquitoes (D:12)
  3 acid dragons
  10 water moccasins
  A large abomination (Abyss:2)
  8 orc warriors
  An ice beast (D:6)
  2 black bears
  19 wolves
  9 ogres
  10 centaurs
  2 phantoms
  A kobold brigand (D:9)
  11 bullfrogs
  2 gnoll sergeants
  3 scorpions
  A necrophage (D:6)
  14 killer bees
  3 howler monkeys
  6 jellies
  A hound (D:6)
  8 orc priests
  2 iguanas
  7 orc wizards
  8 gnolls
  4 adders
  A shadow imp (D:6)
  A white imp (D:8)
  2 ufetubi (D:7)
  8 worms
  4 dart slugs (D:4)
  40 orcs
  4 ball pythons
  7 endoplasms
  3 giant cockroaches
  5 goblins
  3 hobgoblins
  4 jackals (D:2)
  4 quokkas
  7 bats
  3 frilled lizards (D:1)
  15 kobolds
  7 rats
  2 lurking horrors (D:8)
  A starspawn tentacle (Abyss:2)
476 creatures vanquished.

Vanquished Creatures (others)
  A water elemental (Abyss:3)
  A human (D:14)
  17 fungi
  22 plants
  8 starspawn tentacles
49 creatures vanquished.

Grand Total: 525 creatures vanquished

Notes
Turn   | Place    | Note
-------+----------+-------------------------------------------
     0 | D:1      | testman the Deep Elf Hunter began the quest for the Orb.
     0 | D:1      | Reached XP level 1. HP: 12/12 MP: 3/3
   280 | D:1      | Reached XP level 2. HP: 17/17 MP: 4/4
   575 | D:2      | Found an ornate altar of the Wu Jian Council.
   806 | D:2      | Reached skill level 6 in Ranged Weapons
   831 | D:2      | Reached XP level 3. HP: 21/21 MP: 5/5
  1241 | D:2      | Found a faded altar of an unknown god.
  1648 | D:2      | Reached XP level 4. HP: 27/27 MP: 6/6
  1700 | D:3      | Found Reorivam's Weapon Boutique.
  2138 | D:3      | Found the +4 robe of Augmentation {Str+4 Int+4 Dex+4}
  2385 | D:4      | Noticed an ogre
  2390 | D:4      | Killed an ogre
  2391 | D:4      | Reached skill level 7 in Ranged Weapons
  2391 | D:4      | Reached XP level 5. HP: 32/32 MP: 7/7
  2413 | D:4      | Gained mutation: You are agile. (Dex +4, Str/Int -1)
                  | [potion of mutation]
  2763 | D:4      | Reached XP level 6. HP: 30/38 MP: 8/8
  2983 | D:4      | Found Foeplom's Antique Armour Boutique.
  3031 | D:4      | Found an ancient bone altar of Kikubaaqudgha.
  3033 | D:4      | Found a white marble altar of Elyvilon.
  3446 | D:4      | Found a snail-covered altar of Cheibriados.
  3448 | D:4      | Found a hazy altar of Hepliaklqana.
  3577 | D:5      | Entered Level 5 of the Dungeon
  3593 | D:5      | Reached skill level 8 in Ranged Weapons
  3593 | D:5      | Reached XP level 7. HP: 43/43 MP: 9/9
  3620 | D:5      | Found a sacrificial altar of Ru.
  3620 | D:5      | Found a burning altar of Makhleb.
  3748 | D:5      | Reached skill level 5 in Dodging
  4334 | D:6      | Reached skill level 9 in Ranged Weapons
  4374 | D:6      | Reached XP level 8. HP: 48/48 MP: 10/10
  4380 | D:6      | Reached skill level 5 in Fighting
  4382 | D:6      | Noticed a hornet
  4392 | D:6      | Paralysed by a hornet for 3 turns
  4396 | D:6      | Paralysed by a hornet for 2 turns
  4741 | D:6      | Found a staircase to the Ecumenical Temple.
  4750 | Temple   | Entered the Ecumenical Temple
  4772 | Temple   | Became a worshipper of Dithmenos the Shadowed
  4841 | D:6      | Identified the +2 arbalest of the Shallot {elec, rElec}
  4853 | D:6      | Found a bloodstained altar of Trog.
  4856 | D:6      | Found a hide-covered altar of Uskayaw.
  4857 | D:6      | Found a blossoming altar of Fedhas.
  4858 | D:6      | Found an ornate altar of the Wu Jian Council.
  4882 | D:6      | Killed a hornet
  4976 | D:6      | Reached skill level 10 in Ranged Weapons
  5492 | D:7      | Reached XP level 9. HP: 25/55 MP: 6/11
  6135 | D:8      | Noticed a two-headed ogre
  6138 | D:8      | Killed a two-headed ogre
  6138 | D:8      | Reached * piety under Dithmenos
  6139 | D:8      | Reached skill level 11 in Ranged Weapons
  7004 | D:8      | Found a one-way gate to the infinite horrors of the Abyss.
  7004 | D:8      | Found a corrupted altar of Lugonu.
  7141 | D:8      | Found a runed translucent gate.
  7142 | D:8      | Found a runed translucent gate.
  7142 | D:8      | Found a runed translucent gate.
  7144 | D:8      | Noticed BeAPotato's ghost (novice MfIE)
  7153 | D:8      | Identified the +6 plate armour of Indemnity {rF+}
  7215 | D:8      | Reached skill level 12 in Ranged Weapons
  7222 | D:8      | Reached XP level 10. HP: 63/63 MP: 12/12
  7224 | D:8      | Reached skill level 10 in Dodging
  7400 | D:8      | Killed BeAPotato's ghost
  7751 | D:9      | Found an iron altar of Okawaru.
  7954 | D:9      | Found Zoeffuas's General Store.
  7979 | D:9      | Reached ** piety under Dithmenos
  7980 | D:9      | Reached skill level 13 in Ranged Weapons
  8112 | D:9      | Found an opulent altar of Gozag.
  8201 | D:9      | Found a glowing silver altar of Zin.
  8378 | D:10     | Entered Level 10 of the Dungeon
  8441 | D:10     | Noticed a two-headed ogre
  8443 | D:10     | Killed a two-headed ogre
  8479 | D:10     | Noticed a two-headed ogre
  8484 | D:10     | Killed a two-headed ogre
  8531 | D:10     | Noticed a two-headed ogre
  8615 | D:10     | Noticed Lodul
  8888 | D:9      | Killed Lodul
  8889 | D:9      | Reached XP level 11. HP: 45/69 MP: 8/13
  9047 | D:10     | Noticed Urug
  9051 | D:10     | Killed Urug
  9052 | D:10     | Reached skill level 14 in Ranged Weapons
  9179 | D:10     | Found a staircase to the Orcish Mines.
  9332 | D:10     | Found a transporter.
  9340 | D:10     | Found a transporter.
  9365 | D:10     | Found a transporter.
  9420 | D:10     | Found a transporter.
  9553 | D:11     | Noticed a sun demon
  9595 | D:11     | Noticed an oklob plant
  9597 | D:11     | Found a staircase to the Lair.
  9790 | D:11     | Noticed a boulder beetle
  9905 | D:11     | Noticed a purple ugly thing
 10091 | D:11     | Noticed a sun demon
 10105 | D:11     | Reached *** piety under Dithmenos
 10106 | D:11     | Reached skill level 15 in Ranged Weapons
 10430 | D:11     | Noticed a two-headed ogre
 10433 | D:11     | Killed a two-headed ogre
 10634 | D:11     | Killed an oklob plant
 10895 | D:12     | Noticed a boulder beetle
 10912 | D:12     | Killed a boulder beetle
 10913 | D:12     | Reached XP level 12. HP: 36/77 MP: 6/14
 11001 | D:12     | Reached skill level 10 in Fighting
 11127 | D:12     | Reached skill level 16 in Ranged Weapons
 11598 | D:13     | Noticed a centaur warrior
 11604 | D:13     | Killed a centaur warrior
 11730 | D:13     | Noticed a boulder beetle
 11736 | D:13     | Killed a boulder beetle
 11944 | D:13     | Reached **** piety under Dithmenos
 11975 | D:13     | Noticed a two-headed ogre
 11979 | D:13     | Killed a two-headed ogre
 12028 | D:13     | Noticed a four-headed hydra
 12033 | D:13     | Killed a four-headed hydra
 12033 | D:13     | Noticed a centaur warrior
 12049 | D:13     | Reached skill level 17 in Ranged Weapons
 12054 | D:13     | Killed a centaur warrior
 12061 | D:13     | Reached skill level 15 in Dodging
 12455 | D:14     | Noticed a catoblepas
 12456 | D:14     | Noticed an eight-headed hydra
 12463 | D:14     | Killed a catoblepas
 12464 | D:14     | Reached XP level 13. HP: 80/84 MP: 13/15
 13306 | D:14     | Identified the amulet "Qoiboph" {Acrobat rF++ rCorr Str+4}
 13496 | D:14     | Found a gate to the Vaults.
 13696 | D:15     | Entered Level 15 of the Dungeon
 13735 | D:15     | Noticed Louise
 13791 | Abyss:2  | Cast into level 2 of the Abyss (Louise)
 13834 | Abyss:2  | Noticed a tentacled starspawn
 13856 | Abyss:3  | Found a corrupted altar of Lugonu.
 13884 | Abyss:3  | Identified the +8 scimitar of Welfare {drain, rPois Will-
                  | MP+9 Stlth+}
 13974 | Abyss:3  | Noticed a cacodemon
 13988 | D:15     | Escaped the Abyss
 13995 | D:15     | Killed Louise
 13996 | D:15     | Reached skill level 18 in Ranged Weapons
 14193 | D:15     | Noticed Nessos
 14373 | Lair:1   | Entered Level 1 of the Lair of Beasts
 14996 | Lair:1   | Reached ***** piety under Dithmenos
 15244 | Lair:2   | Noticed Fannar
 15250 | Lair:2   | Killed Fannar
 15534 | Lair:2   | Reached XP level 14. HP: 92/92 MP: 16/16
 15705 | Lair:2   | Found a staircase to the Shoals.
 15722 | Lair:2   | Reached skill level 19 in Ranged Weapons
 15880 | Lair:2   | Noticed Sonja
 15888 | Lair:2   | Killed Sonja
 16017 | Lair:2   | Found a hole to the Spider Nest.
 16574 | Lair:3   | Got the Essays on the Terrestrial Escort
 16895 | Lair:4   | Learned a level 1 spell: Summon Small Mammal
 17052 | Lair:4   | Reached skill level 1 in Spellcasting
 17058 | Lair:4   | Reached skill level 1 in Invocations
 17275 | Lair:4   | Reached skill level 1 in Summonings
 17737 | Lair:4   | Found a viscous altar of Jiyva.
 17737 | Lair:4   | Found a staircase to the Slime Pits.
 17842 | Lair:5   | Entered Level 5 of the Lair of Beasts
 17997 | Lair:5   | Reached ****** piety under Dithmenos
 18065 | Lair:5   | Found a frozen archway.
 18111 | IceCv    | Entered an ice cave
 18508 | IceCv    | Noticed a frost giant
 18540 | IceCv    | Killed from afar by a frost giant

Illustrated notes

Levels and vault maps discovered:
D:1:      scummos_arrival_star, layout_basic
D:2:      minmay_wonky_spiral, layout_loops_cross, basic_altar,
          ebering_ecumenical_altar_sacrificial, grunt_ministairs_15
D:3:      layout_loops_cross, serial_shops, nicolae_shop_statue_plus
D:4:      minmay_skewed_foursquare, layout_loops_ring,
          nicolae_overflow_hidden_temple, serial_shops, shop
D:5:      layout_basic, gammafunk_temple_overflow_wave
D:6:      layout_rooms, mainiacjoe_overflow_alcove_3,
          minmay_temple_entry_proselytizer
D:7:      layout_loops_ring, minmay_misc_feat_room
D:8:      layout_loops_ring, biasface_ghost_orc_armoury,
          hangedman_abyss_or_decor_clamps, chequers_avenue, grunt_livestock,
          amcnicky_altar_lugonu_corruption
D:9:      layout_irregular_city, pdpol_temple_overflow_zin_treasury_gozag_greed,
          mainiacjoe_overflow_alcove_1, serial_shops, nicolae_shop_crystal
D:10:     layout_roguey, david_orc_1_choice, nicolae_transporter_intersection,
          uniq_lodul, uniq_urug
D:11:     layout_roguey, dpeg_oklobed_lair, chequers_serial_rivers_micro_c
D:12:     layout_basic
D:13:     layout_basic, st_stairs_10
D:14:     layout_basic, ximxim_vaults_locker_room
D:15:     grunt_enter_depths_hoard, layout_gridville, chequers_jeans,
          gammafunk_ghost_stat_death, minmay_mirror_moons_of_madness,
          uniq_louise, uniq_nessos
Temple:   hellmonk_temple_rainy
Lair:1:   layout_loops_ring
Lair:2:   layout_regular_city, minmay_shoals_entry_centaurs,
          hellmonk_spider_entry_not_the_bees, hangedman_lair_generics_rect,
          uniq_sonja, uniq_fannar
Lair:3:   wander_river, layout_concentric_octagons, grunt_megastairs_3
Lair:4:   dreamdust_cave_troll, layout_cave_pods, slime_entry_1,
          patterned_corridor
Lair:5:   minmay_lair_end_enchanted_forest, layout_regular_city,
          portal_ice_cave_entry_animals_and_master, minivault_24, pond,
          grunt_megastairs_2
IceCv:    ice_cave_small_giant

Skill      XL: |  1  2  3  4  5  6  7  8  9 10 11 12 13 14 |
---------------+-------------------------------------------+-----
Fighting       | 2 3 4 6 7 8 9 11 12 13 | 13.0
Ranged Weapons | 6 7 8 9 10 12 13 15 17 18 19 | 19.8
Dodging        | 3 4 6 7 9 11 13 15 16 17 | 17.6
Spellcasting   | 4 |  4.6
Invocations    | 3 |  3.8
Summonings     | 4 |  4.0
Stealth        | |  1.2

Action                   |  1- 3 |  4- 6 |  7- 9 | 10-12 | 13-15 || total
-------------------------+-------+-------+-------+-------+-------++-------
 Fire: Shortbow          |   132 |   125 |   103 |       |       ||   360
       Arbalest          |       |       |   104 |   379 |   556 ||  1039
 Cast: Summon Small Mamm |       |       |       |       |     4 ||     4
Evoke: Wand              |       |       |       |       |     1 ||     1
  Use: Potion            |       |     4 |     1 |     4 |     3 ||    12
       Scroll            |       |       |     5 |     7 |    11 ||    23
Armor: Leather armour    |     7 |     5 |       |       |       ||    12
       Robe              |       |    10 |    24 |    29 |    36 ||    99
       Skin              |       |     1 |       |       |       ||     1
Dodge: Dodged            |    24 |    34 |    91 |   235 |   337 ||   721

Table legend: (Time is in decaauts)
 A = Elapsed time spent in this place.
 B = Non-inter-level travel time spent in this place.
 C = Inter-level travel time spent in this place.
 D = Time resting spent in this place.
 E = Time spent auto-exploring this place.
 F = Levels seen in this place.
 G = Mean time per level.
                   A        B        C        D        E       F      G
               +--------+--------+--------+--------+--------+-----+--------+
         Total |  18703 |  17857 |    846 |   1772 |  13142 |  24 |  779.3 |
       Dungeon |  14292 |  13564 |    728 |   1762 |   9816 |  15 |  952.8 |
        Temple |     28 |     20 |      8 |      0 |     10 |   1 |   28.0 |
          Lair |   3755 |   3645 |    110 |     10 |   2994 |   5 |  751.0 |
         Abyss |    197 |    197 |      0 |      0 |      1 |   2 |   98.5 |
      Ice Cave |    428 |    428 |      0 |      0 |    320 |   1 |  428.0 |
               +--------+--------+--------+--------+--------+-----+--------+

Top non-repeatable levels by time:
     D:8: 1553 daAuts
    D:11: 1394 daAuts
    D:14: 1337 daAuts
     D:9: 1177 daAuts
  Lair:4: 1036 daAuts
     D:4: 1008 daAuts
     D:7: 1005 daAuts
     D:2: 995 daAuts
  Lair:1: 954 daAuts
     D:5: 939 daAuts
  Lair:2: 926 daAuts
     D:3: 880 daAuts
    D:13: 836 daAuts
    D:10: 772 daAuts
    D:12: 760 daAuts
